 Seeded DCSS version 0.30-a0-1053-gbd8d5ba0ad (webtiles) character file.

Game seed: 7969767421999244181 (custom seed)

2296 bmack86 the Cleaver (level 9, -4/74 (79) HPs)
             Began as a Minotaur Fighter on Apr 11, 2023.
             Slain by a wight
             ... wielding a +4 scimitar
              (10 damage)
             ... on level 7 of the Dungeon.
             The game lasted 00:12:59 (4507 turns).

bmack86 the Cleaver (Minotaur Fighter)              Turns: 4507, Time: 00:13:01

HP:   -4/74 (79)    AC: 14    Str: 26    XL:     9   Next: 17%
MP:   8/8           EV:  9    Int:  5    God:
Gold: 335           SH:  5    Dex:  9    Spells: 8/8 levels left

rFire   . . .      SeeInvis +    j - +3 hand axe
rCold   . . .      Faith    .    c - +0 buckler
rNeg    . . .      Spirit   .    b - +0 scale mail
rPois   .          Reflect  .    (helmet restricted)
rElec   .          Rampage  .    o - +1 cloak
rCorr   .                        k - +1 pair of gloves
Will    .....                    g - +1 pair of boots Stlth
                                 s - amulet of regeneration
HPRegen 1.12/turn                n - ring of see invisible
MPRegen 0.11/turn                (no ring)

@: mighty, drained
A: horns 2, retaliatory headbutt
a: no special abilities


You were on level 7 of the Dungeon.
You visited 2 branches of the dungeon, and saw 8 of its levels.

You collected 335 gold pieces.

Inventory:

Hand Weapons
 a - a +0 war axe
 j - a +3 hand axe (weapon)
Missiles
 i - 4 boomerangs (quivered)
 r - 2 curare-tipped darts
 v - 3 javelins
 z - 8 poisoned darts
Armour
 b - a +0 scale mail (worn)
 c - a +0 buckler (worn)
 g - a +1 pair of boots (worn)
 k - a +1 pair of gloves (worn)
 o - a +1 cloak (worn)
Jewellery
 n - a ring of see invisible (left hand)
 s - an amulet of regeneration (around neck)
 u - an amulet of magic regeneration
Wands
 f - a wand of digging (2)
 m - a wand of iceblast (19)
 q - a wand of polymorph (7)
 x - a wand of acid (14)
Scrolls
 l - 5 scrolls of teleportation
Potions
 e - a potion of heal wounds
 h - 3 potions of curing
 t - 2 potions of brilliance
 w - a potion of cancellation


   Skills:
 + Level 7.0 Fighting
 * Level 8.8 Axes
 + Level 4.7 Throwing
 + Level 6.9 Armour
 + Level 7.1 Shields


You had 8 spell levels left.
You didn't know any spells.
Your spell library contained the following spells:

 Spells                   Type           Power      Damage    Failure   Level
 Apportation              Tloc           0%         N/A       80%         1
 Magic Dart               Conj           0%         1d3       80%         1
 Necrotise                Necr           0%         1d4       80%         1
 Sting                    Tmut/Pois      0%         1d3       80%         1
 Summon Small Mammal      Summ           0%         N/A       80%         1
 Call Imp                 Summ           0%         N/A       91%         2
 Ensorcelled Hibernation  Hex/Ice        0%         N/A       91%         2
 Searing Ray              Conj           0%         2d4       91%         2
 Mephitic Cloud           Conj/Pois/Air  0%         N/A       99%         3
 Spider Form              Tmut/Pois      0%         N/A       99%         3
 Tukima's Dance           Hex            0%         N/A       99%         3
 Anguish                  Hex/Necr       0%         N/A       100%        4
 Fulminant Prism          Conj/Hex       0%         3d5       100%        4
 Passage of Golubria      Tloc           0%         N/A       100%        4
 Alistair's Intoxication  Tmut/Pois      0%         N/A       100%        5
 Irradiate                Conj/Tmut      0%         3d11      100%        5
 Yara's Violent Unravell  Hex/Tmut       0%         3d3       100%        5
 Eringya's Noxious Bog    Tmut/Pois      0%         N/A       100%        6


Dungeon Overview and Level Annotations

Branches:
Dungeon (7/15)             Temple (1/1) D:6

Altars:
Ashenzari
Cheibriados
Dithmenos
Elyvilon
Hepliaklqana
Kikubaaqudgha
Makhleb
Sif Muna
Trog
Uskayaw
Vehumet
Zin
The Shining One

Shops:
D:1 =

Annotations:
D:7 2 runed translucent doors


Innate Abilities, Weirdness & Mutations

You have a pair of horns on your head.
You reflexively headbutt those who attack you in melee.


Message History

You block the wight's attack.
You hit the wight but do no damage. Your headbutt misses the wight.
The wight is lightly damaged.
The wight barely misses you.
You hit the wight.
You headbutt the wight, but do no damage.
The wight is heavily damaged.
The wight hits you with a +1 battleaxe of flaming!
The wight burns you.
You feel very mighty all of a sudden.
The wight hits you with a +1 battleaxe of flaming.
You feel drained. The wight burns you.
You closely miss the wight.
The wight is heavily damaged.
The wight hits you with a +1 battleaxe of flaming!
The wight burns you.
You slash the wight!
You destroy the wight!
A wight comes into view. It is wielding a +4 scimitar.
Your life force feels restored.
Unknown command.
You slice the wight!!
You destroy the wight!
You hit the wight. The wight hits you but does no damage.
Found a book of the Tundra.
The wight hits you with a +4 scimitar!
* * * LOW HITPOINT WARNING * * *
You feel drained.
* * * LOW HITPOINT WARNING * * *
Items here: $ )) ? [[.
A scorpion comes into view.
The wight hits you with a +4 scimitar!
* * * LOW HITPOINT WARNING * * *
You closely miss the wight.
The wight is lightly damaged.
You barely miss the wight. The wight hits you with a +4 scimitar!
* * * LOW HITPOINT WARNING * * *
You feel drained.
* * * LOW HITPOINT WARNING * * *
The wight hits you with a +4 scimitar!
You die...

#...)#.# ##..#### ..
##...'.# #.>.... #'#
####..#.######.###.
....#.###.#........###.
:..#..####............
..'...###..#####.###<
#s...##..# .#....
#.z...#..#####.###.
#@z).#......... #.
##...'...####.# #.
##..#...# #. ##.#...#
#. ###...# #. #..##
.... ..>.. ..##.


You could see a scorpion and 2 wights.

Vanquished Creatures
  2 water moccasins
  An ice beast (D:7)
  An ogre (D:6)
  A sky beast (D:6)
  5 black bears
  The ghost of Sleet the Sneak, an amateur DsBr of Dithmenos (D:3)
  A centaur (D:6)
  2 phantoms (D:6)
  A kobold brigand (D:3)
  5 scorpions
  2 wights (D:7)
  2 jellies
  2 hounds
  Crazy Yiuf (D:6)
  2 sleepcaps
  An iguana (D:4)
  7 orc wizards
  8 adders
  2 white imps (D:6)
  A worm (D:4)
  2 dart slugs
  10 orcs
  7 endoplasms
  4 giant cockroaches
  8 goblins
  7 hobgoblins
  3 jackals (D:1)
  4 quokkas
  6 ball pythons
  5 bats
  5 frilled lizards
  15 kobolds
  3 rats (D:1)
127 creatures vanquished.

Notes
Turn   | Place    | Note
-------+----------+-------------------------------------------
     0 | D:1      | bmack86 the Minotaur Fighter began the quest for the Orb.
     0 | D:1      | Reached XP level 1. HP: 19/19 MP: 0/0
   116 | D:1      | Found a faded altar of an unknown god.
   272 | D:1      | Reached XP level 2. HP: 27/27 MP: 1/1
   444 | D:1      | Reached skill level 3 in Axes
   463 | D:1      | Found Jiliq's Jewellery Shop.
   932 | D:2      | Reached XP level 3. HP: 33/33 MP: 2/2
  1041 | D:2      | Reached skill level 1 in Throwing
  1633 | D:3      | Reached XP level 4. HP: 40/40 MP: 3/3
  1635 | D:3      | Noticed a scorpion
  1640 | D:3      | Killed a scorpion
  1641 | D:3      | Reached skill level 4 in Axes
  1689 | D:3      | Reached XP level 5. HP: 43/47 MP: 4/4
  1735 | D:3      | Found a large runed translucent door.
  1735 | D:3      | Found a large runed translucent door.
  1736 | D:3      | Noticed Sleet's ghost (amateur DsBr)
  1757 | D:3      | Killed Sleet's ghost
  1981 | D:3      | HP: 1/47 [kobold brigand/+2 dagger of speed (4)]
  1985 | D:3      | Reached XP level 6. HP: 8/55 MP: 5/5
  2403 | D:4      | Reached skill level 5 in Axes
  2440 | D:4      | Reached skill level 5 in Fighting
  2454 | D:4      | Reached skill level 5 in Shields
  2499 | D:4      | Reached skill level 5 in Armour
  2513 | D:4      | Reached XP level 7. HP: 48/61 MP: 6/6
  2630 | D:4      | Found a hide-covered altar of Uskayaw.
  2640 | D:4      | Found a glowing golden altar of the Shining One.
  2642 | D:4      | Found a shimmering blue altar of Sif Muna.
  2642 | D:4      | Found a bloodstained altar of Trog.
  2760 | D:4      | Got the Disquisition on Configuration
  3056 | D:5      | Entered Level 5 of the Dungeon
  3132 | D:5      | Reached skill level 6 in Axes
  3328 | D:5      | Reached XP level 8. HP: 66/70 MP: 7/7
  3407 | D:5      | Reached skill level 7 in Axes
  3602 | D:6      | Reached skill level 8 in Axes
  3641 | D:6      | Found a shadowy altar of Dithmenos.
  3875 | D:6      | Found a runed translucent door.
  3876 | D:6      | Noticed Crazy Yiuf
  3907 | D:6      | Found a burning altar of Makhleb.
  3907 | D:6      | Noticed a balrug
  3910 | D:6      | Noticed a smoke demon
  3910 | D:6      | Noticed a hellwing
  4111 | D:6      | Found a staircase to the Ecumenical Temple.
  4121 | Temple   | Entered the Ecumenical Temple
  4253 | D:6      | Killed Crazy Yiuf
  4254 | D:6      | Reached XP level 9. HP: 72/78 MP: 4/8
  4320 | D:7      | Found a runed translucent gate.
  4320 | D:7      | Found a runed translucent gate.
  4507 | D:7      | Slain by a wight

Illustrated notes

Levels and vault maps discovered:
D:1:      eino_arrival_druids_welcome, layout_basic, serial_shops,
          nicolae_shop_hallway_plus, shapermc_ecumenical_altar_mp_urbaneastern
D:2:      cheibrodos_helix_gallery, layout_loops_cross
D:3:      cheibrodos_thug_alley, layout_basic, ebering_ghost_disaster_area
D:4:      layout_basic, minitemple
D:5:      layout_basic
D:6:      minmay_angry_zag, layout_cave_pools, makhleb_altar_promises_db,
          grunt_dithmenos_shadows, lemuel_temple_firewalk_b,
          uniq_crazy_yiuf_cottage
D:7:      layout_loops_ring, lemuel_round_altar, gammafunk_ghost_split,
          serial_shops, kennysheep_mini, minmay_quadrilaterals
Temple:   hellmonk_temple_of_storms

Skill      XL: |  1  2  3  4  5  6  7  8  9 |
---------------+----------------------------+-----
Axes           | 3 4 5 6 8 |  8.8
Fighting       | 4 5 6 7 |  7.0
Throwing       | 1 2 3 4 |  4.7
Armour         | 4 5 6 |  6.9
Shields        | 4 5 6 7 |  7.1

Action                     |  1- 3 |  4- 6 |  7- 9 || total
---------------------------+-------+-------+-------++-------
  Melee: War axe           |    86 |       |       ||    86
         Headbutt          |     6 |    17 |    29 ||    52
         Hand axe          |    10 |    87 |   175 ||   272
  Throw: Boomerang         |     2 |     9 |       ||    11
    Use: Scroll            |     2 |     1 |    14 ||    17
         Potion            |       |     2 |     1 ||     3
 Armour: Scale mail        |    52 |    57 |   104 ||   213
  Dodge: Dodged            |    69 |    45 |    75 ||   189
  Block: Buckler           |    27 |    18 |    32 ||    77

Table legend: (Time is in decaauts)
 A = Elapsed time spent in this place.
 B = Non-inter-level travel time spent in this place.
 C = Inter-level travel time spent in this place.
 D = Time resting spent in this place.
 E = Time spent auto-exploring this place.
 F = Levels seen in this place.
 G = Mean time per level.
                   A        B        C        D        E       F      G
               +--------+--------+--------+--------+--------+-----+--------+
         Total |   4567 |   4431 |    136 |    264 |   2530 |   8 |  570.9 |
       Dungeon |   4510 |   4374 |    136 |    264 |   2530 |   7 |  644.3 |
        Temple |     57 |     57 |      0 |      0 |      0 |   1 |   57.0 |
               +--------+--------+--------+--------+--------+-----+--------+

Top non-repeatable levels by time:
     D:3: 897 daAuts
     D:2: 788 daAuts
     D:6: 786 daAuts
     D:1: 772 daAuts
     D:4: 664 daAuts
     D:5: 415 daAuts
     D:7: 185 daAuts
  Temple: 57 daAuts
